Map: Port Aleksander LE

Players

Seph

  • Race: Terran Terran
  • League: Bronze
  • Spawn Location: 11:00

Tickles - Winner!

  • Race: Zerg Zerg
  • Spawn Location: 5:00

VOD

Have the link to the VOD?

Description

Time

  • Played on: Feb. 15, 2019, 10:44 p.m.
  • Length: 5:05
Show
View Real Time Build Order
Export as new Build Order

Seph Terran 

Build Orders:  

Get SALT Encoding   

  12  0:11  Supply Depot  
  12  0:13  SCV  
  13  0:25  SCV  
  14  0:34  Barracks  
  14  0:38  SCV  
  15  0:50  SCV  
  15  0:53  Refinery  
  17  1:32  SCV  
  17  1:38  Marine  
  18  1:45  SCV  
  19  1:56  Marine  
  20  2:04  Barracks  
  20  2:13  Marine  
  21  2:21  Orbital Command  
  21  2:38  Marine  
  22  2:55  Marine  
  18  3:04  Barracks Reactor  
  13  3:13  Marine  
  8  3:31  Supply Depot, Marine  
  9  3:45  Marine  
  9  3:46  Marine  
  11  4:01  Supply Depot  
  9  4:03  Marine x2  
  9  4:08  Marine  
  9  4:21  Marine x2  
  2  4:39  Marine  
  2  4:40  Marine  
Show
View Real Time Build Order
Export as new Build Order

Tickles Zerg - Winner!

Build Orders: Pool First 

Get SALT Encoding   

  12  0:01  Drone  
  13  0:08  Drone  
  14  0:32  Spawning Pool  
  13  0:41  Extractor  
  12  0:43  Drone x2  
  15  1:17  Hatchery  
  14  1:20  Overlord  
  14  1:45  Hatchery  
  14  1:46  Drone  
  15  1:47  Drone  
  15  1:54  Zergling x2  
  16  2:04  Zergling x2  
  17  2:16  Zergling x2  
  18  2:29  Drone  
  19  2:33  Queen  
  21  2:38  Zergling x2  
  21  2:43  Zergling x2  
  21  2:44  Zergling x4  
  25  3:04  Queen  
  26  3:05  Zergling x2  
  26  3:15  Overlord  
  26  3:16  Zergling x4  
  26  3:19  Zergling x2  
  27  3:33  Zergling x6  
  30  3:40  Queen  
  31  3:44  Zergling x2  
  31  3:52  Zergling x2  
  31  3:53  Zergling x2  
  33  4:02  Zergling x4  
  33  4:09  Zergling x4  
  35  4:21  Zergling x2  
  35  4:23  Overlord  
  35  4:24  Zergling x2  
  35  4:36  Zergling x2  
  36  4:40  Overlord  
  36  4:41  Overlord  
Tags
 
League
Bronze
Matchup
TvZ
Opening
Pool First
Spawn Locations
Cross Positions
Add a new tag
Caveats
  • Supply blocks, unpowered buildings, or Contaminate may cause inaccurate times.
  • Supply counts are checked every 10 seconds.